 Dungeon Crawl Stone Soup version 0.22-a0-351-g29664b4 (webtiles) character file.

583 vishdafish the Skirmisher (level 7, -1/53 HPs)
             Began as a Demonspawn Skald on Apr 12, 2018.
             Was a Follower of Qazlal.
             Slain by Prince Ribbit (14 damage)
             ... on level 5 of the Dungeon.
             The game lasted 00:07:31 (4696 turns).

vishdafish the Skirmisher (Demonspawn Skald)        Turns: 4696, Time: 00:07:33

Health: -1/53      AC:  4    Str: 12    XL:     7   Next: 14%
Magic:  0/12       EV: 13    Int: 14    God:    Qazlal [*.....]
Gold:   167        SH:  2    Dex: 14    Spells: 12/13 levels left

rFire    . . .     SeeInvis .   a - +0 spear
rCold    . . .     Gourm    .   (no shield)
rNeg     + . .     Faith    .   l - +1 leather armour {rN+}
rPois    .         Spirit   +   (helmet restricted)
rElec    .         Reflect  .   (no cloak)
rCorr    .         Harm     .   (no gloves)
MR       .....     Rnd*Tele +   (no boots)
Stlth    +.........             (no amulet)
HPRegen  0.17/turn              r - ring of teleportation (curse)
MPRegen  0.13/turn              (no ring)

@: infused (expiring), hasted, very quick
A: claws 1, hooves 1, horns 2, magic shield
a: Renounce Religion


You were on level 5 of the Dungeon.
You worshipped Qazlal.
Qazlal was aware of your devotion.
You were very hungry.

You visited 1 branch of the dungeon, and saw 5 of its levels.

You collected 167 gold pieces.

Inventory:

Hand Weapons
 a - a +0 spear (weapon)
Armour
 b - a +0 leather armour
 l - a +1 leather armour of positive energy (worn)
Jewellery
 r - a cursed ring of teleportation (left claw)
Wands
 k - a wand of clouds (3)
 p - a wand of disintegration (16)
Scrolls
 c - 4 scrolls of identify {unknown}
 f - a scroll of immolation {unknown}
 g - 2 scrolls of magic mapping {unknown}
 h - a scroll of noise {unknown}
 j - 2 scrolls of remove curse {unknown}
 o - a scroll of blinking {unknown}
Potions
 e - a potion of degeneration {unknown}
 m - a potion of heal wounds {unknown}
 q - a potion of lignification {unknown}
Comestibles
 d - 2 rations


   Skills:
 + Level 3.8 Fighting
 + Level 3.4 Polearms
 + Level 2.8 Armour
 + Level 3.5 Dodging
 - Level 3.5 Spellcasting
 - Level 3.0 Charms
 * Level 1.0 Invocations


You had 12 spell levels left.
You knew the following spells:

 Your Spells              Type           Power        Failure   Level  Hunger
a - Infusion              Chrm           ##..         8%          1    #......


Dungeon Overview and Level Annotations

Branches:
Dungeon (5/15)             Temple (0/1) D:4

Altars:
Elyvilon
Qazlal

Annotations:
D:3 Kairos's ghost, amateur DDFi
D:5 Ijyb; Prince Ribbit


Innate Abilities, Weirdness & Mutations

You have sharp fingernails.
You have large cloven feet.
You have a pair of horns on your head.
When hurt, damage is shared between your health and your magic reserves.


Message History

Prince Ribbit hits you!
Your leather armour prevents you from hitting Prince Ribbit.
Your kick misses Prince Ribbit.
Prince Ribbit is lightly wounded.
Prince Ribbit hits you! Prince Ribbit hits you.
* * * LOW HITPOINT WARNING * * *
You barely miss Prince Ribbit.
Prince Ribbit is lightly wounded.
Prince Ribbit closely misses you.
You completely miss Prince Ribbit.
You kick Prince Ribbit, but do no damage.
Prince Ribbit is lightly wounded.
Prince Ribbit hits you.
* * * LOW HITPOINT WARNING * * *
You feel yourself speed up.
Your magical infusion is running out.
Prince Ribbit hits you.
* * * LOW HITPOINT WARNING * * *
Prince Ribbit hits you!
You die...

..##.# ###.### #.# #.#
..##.# ###.....# #.#
#.# ..## ####.......#
#.# #.#
..##..<.........# #.#
......####......###.##
...#### #...###.....#
..### #.#####...#.#
....######.###.>F..#.#
###.#.......>..#@ยง.#.#
...g..##...#####.###.#
.###l.##..## #.# #[# ##
##.(...# #.# #.#
##..#.## #.# #.#
#.(<..# #.# #...### #.#
........ #.# ##..#####
...


You could see Prince Ribbit.

Vanquished Creatures
  The ghost of TheNamelessOne the Destroyer, an amateur TeCj (D:4)
  An orc priest (D:4)
  A centaur skeleton (D:4)
  2 orc wizards (D:4)
  3 iguanas
  4 worker ants
  A worker ant zombie (D:5)
  5 adders
  An ooze (D:1)
  2 worms (D:2)
  A dart slug (D:1)
  3 leopard geckos
  5 orcs (D:4)
  2 ball pythons
  3 giant cockroaches
  10 goblins
  8 hobgoblins
  4 kobolds
  2 quokkas
  9 bats
  4 frilled lizards
  A jackal zombie (D:5)
  A quokka skeleton (D:4)
  5 rats
79 creatures vanquished.

Vanquished Creatures (others)
  A quokka skeleton (D:5)
1 creature vanquished.

Grand Total: 80 creatures vanquished

Notes
Turn   | Place    | Note
-------+----------+-------------------------------------------
     0 | D:1      | vishdafish the Demonspawn Skald began the quest for the Orb.
     0 | D:1      | Reached XP level 1. HP: 16/16 MP: 3/3
    57 | D:1      | Reached skill level 1 in Armour
    57 | D:1      | Gained mutation: You have a pair of small horns on your head. [demonic ancestry]
    57 | D:1      | Reached XP level 2. HP: 16/22 MP: 3/5
   358 | D:1      | Gained mutation: You have a pair of horns on your head. [demonic ancestry]
   358 | D:1      | Reached XP level 3. HP: 27/27 MP: 2/6
  1319 | D:2      | Found a faded altar of an unknown god.
  1341 | D:2      | Became a worshipper of Qazlal Stormbringer
  1341 | D:2      | Reached * piety under Qazlal
  1614 | D:3      | Reached XP level 4. HP: 34/34 MP: 7/7
  1862 | D:3      | Noticed Kairos's ghost (amateur DDFi)
  2262 | D:4      | Gained mutation: When hurt, damage is shared between your health and your magic reserves. [demonic ancestry]
  2262 | D:4      | Reached XP level 5. HP: 36/40 MP: 3/9
  2332 | D:4      | Found a staircase to the Ecumenical Temple.
  2551 | D:4      | HP: 2/41 [poisoned by a worker ant]
  2813 | D:4      | Noticed TheNamelessOne's ghost (amateur TeCj)
  2833 | D:4      | Killed TheNamelessOne's ghost
  2833 | D:4      | Gained mutation: You have sharp fingernails. [demonic ancestry]
  2833 | D:4      | Reached XP level 6. HP: 15/47 MP: 3/10
  3471 | D:4      | Found a white marble altar of Elyvilon.
  3682 | D:5      | Entered Level 5 of the Dungeon
  3749 | D:5      | Noticed Ijyb
  4364 | D:4      | HP: 2/48 [orc wizard/dagger (4)]
  4372 | D:4      | Gained mutation: You have large cloven feet. [demonic ancestry]
  4372 | D:4      | Reached XP level 7. HP: 8/53 MP: 1/12
  4663 | D:5      | Noticed Prince Ribbit
  4687 | D:5      | Reached skill level 1 in Invocations
  4696 | D:5      | Slain by Prince Ribbit

Vault maps used:
D:1:      dpeg_arrival_shrine
D:2:      chequers_ecumenical_altar_simple_redux,
          minmay_misc_feat_secret_circle, solitary_fountain,
          hangedman_decor_growths
D:3:      first_ration, kennysheep_generic_room_12
D:4:      temple_green, elyvilon_altar_5
D:5:      uniq_blork_the_orc, uniq_prince_ribbit1, uniq_ijyb

Skill      XL: |  1  2  3  4  5  6  7 |
---------------+----------------------+-----
Dodging        | 2 3 |  3.5
Armour         | 1 2 |  2.8
Polearms       | 2 3 |  3.4
Charms         | 3 |  3.0
Fighting       | 3 |  3.8
Spellcasting   | 3 |  3.5
Invocations    | 1 |  1.0

Action                   |  1- 3 |  4- 6 |  7- 9 || total
-------------------------+-------+-------+-------++-------
Melee: Spear             |   132 |   210 |    29 ||   371
       Headbutt          |    12 |    31 |     4 ||    47
       Kick              |       |       |     8 ||     8
Throw: Throwing net      |       |     1 |       ||     1
 Cast: Infusion          |     9 |    10 |     2 ||    21
  Use: Potion            |       |     3 |     1 ||     4
  Eat: Chunk             |     2 |     5 |     1 ||     8
       Ration            |       |     1 |       ||     1
Armor: Leather armour    |    26 |    30 |     4 ||    60
Dodge: Dodged            |    55 |   117 |    22 ||   194
Block: Other             |       |    12 |     1 ||    13

Table legend:
 A = Spawn XP
 B = Non-spawn XP
 C = Spawn XP percentage of total XP
 D = Spawn monster count
 E = Non-spawn monster count
 F = Spawn count percentage of total count
 G = Total turns spent on level
                    A         B        C        D         E        F      G
               +---------+---------+-------+---------+---------+-------+---------
         Total |       0 |     833 |   0.0 |       0 |      79 |   0.0 |  4696
               +---------+---------+-------+---------+---------+-------+---------
           D:1 |       0 |      43 |   0.0 |       0 |      20 |   0.0 |   743
           D:2 |       0 |      47 |   0.0 |       0 |      16 |   0.0 |   811
           D:3 |       0 |      22 |   0.0 |       0 |      13 |   0.0 |   389
           D:4 |       0 |     619 |   0.0 |       0 |      25 |   0.0 |  2580
           D:5 |       0 |     102 |   0.0 |       0 |       5 |   0.0 |   173
               +---------+---------+-------+---------+---------+-------+---------
